vasya, lawful female human Archeologist -- --.------ --- ------ |.......---- --.-- |....| -........| --- ------...| ---- -...-- --.......| ..| ---- |..--....---..-- ---..-- ---.---%------..| |..----....*.....`...| |-..-- --- |....|...- --....................-- |....-- ---- ---..|.--- |..............---.....------------------....------..------|....| --........h........x..(...............^...............@...||...--- --......(...--------....<----..------...........----..%--.---....| --.......%....| --...-- ---- -...............---......).|.--.| |.......-----.- --..| |.......--................|.|.||.| |-......| .. ---- --......||-...............|...--.| |..--...-- -- |......--....>............--....| --.....|..| --.---............|.............| |....----.- -- |............|.............- --- --^..| |..| |.......--.........--.......| |..-----...| |..| ---..--------.....----......| |........--- --.| |.. ----..| ----.--- ---------- -- ---- ---- --- vasya the Investigator Experience level: 6 Strength: 15 Dexterity: 9 Constitution: 11 Intelligence: 17 Wisdom: 15 Charisma: 10 Health: 0(50) Energy: 28(28) Def: 10 Gold: 324 Moves: 3500 Dungeon seed: w_6fcOlrkt8tt0OK Game ID: vasya_1528035555 Your Inventory: Coins $ - 324 gold pieces Weapons a - a +2 bullwhip i - 10 +0 elven arrows H - 5 +0 darts O - 4 +0 daggers (in quiver) Armor e - an uncursed +0 leather jacket r - an uncursed +0 robe y - an uncursed -1 alchemy smock (being worn) z - an uncursed +0 orcish helm (being worn) M - a blessed greased +0 gray dragon scale mail (being worn) Comestibles b - 8 uncursed food rations Scrolls D - an uncursed scroll of blank paper Q - an uncursed scroll of earth T - a blessed scroll of gold detection Potions o - an uncursed potion of monster detection Tools c - a +0 pick-axe (weapon in hand) h - an uncursed skeleton key j - an uncursed oil lamp (0:287) t - a blessed wax candle (0:400) u - an uncursed towel w - an uncursed wax candle (0:400) x - an uncursed oil lamp (0:1168) E - 5 uncursed tallow candles (0:200) I - an uncursed skeleton key L - a blessed oil lamp (0:1469) U - 4 blessed tallow candles (0:200) V - an uncursed lock pick Gems n - an uncursed worthless piece of red glass q - an uncursed touchstone F - 2 uncursed worthless pieces of green glass G - an uncursed worthless piece of white glass N - an uncursed worthless piece of yellowish brown glass P - an uncursed worthless piece of blue glass S - an uncursed worthless piece of yellow glass Y - an uncursed worthless piece of violet glass Spells and supernatural/magical abilities: Name Level Category Fail Memory W - pray for help -- divine ? -- Your skills at the end: Fighting Skills Weapon Skills pick-axe [Skilled] whip [Basic] Spellcasting Skills Final Attributes: You were piously aligned. You were poison resistant. You were magic-protected. You were acid resistant. You had wounded legs. You were telepathic. You were stealthy. You were fast. You are dead. Vanquished creatures: a small mimic a gnome king an ape a pony 2 yellow lights a shrieker a violet fungus 9 gnome lords 3 gnomish wizards a red naga hatchling a gray ooze a paper golem a giant ant a floating eye a dwarf 2 hill orcs a rothe a dwarf zombie an iguana 2 hobbits 2 manes 3 cave spiders 2 yellow molds 26 gnomes 7 jackals 2 foxes a kobold 3 goblins 2 sewer rats a grid bug a bat 4 lichens a kobold zombie 3 newts 91 creatures vanquished. Voluntary challenges: You used a wielded weapon 134 times, starting on turn 70. You read items or engraved 4 times, starting on turn 1139. You never genocided any monsters. You never polymorphed an object. You never changed form. You used 1 wish, starting on turn 2820. You did not wish for any artifacts. You never split a pudding. You never wrote Elbereth's name. You violated your moral code, losing 1 point of alignment, starting on turn 1452. Dungeon overview: The Dungeons of Doom: levels 1 to 3 Level 1 an altar to Quetzalcoatl, a fountain a long staircase Level 2 a general store Level 3 stairs to The Gnomish Mines The Gnomish Mines: levels 4 to 8 Level 4 stairs to The Dungeons of Doom Level 5 Level 6 many shops, a temple to Quetzalcoatl, some fountains Level 7 Level 8 <- You were here History has recorded: On T:1 you entered the Dungeons of Doom to retrieve the Amulet of Yendor! On T:347 you reached level 2 of The Dungeons of Doom. On T:983 you advanced to experience level 2. On T:1067 you reached level 3 of The Dungeons of Doom. On T:1219 you reached level 1 of The Gnomish Mines. On T:1277 you advanced to experience level 3. On T:1415 you advanced to experience level 4. On T:1667 you reached level 2 of The Gnomish Mines. On T:1909 you advanced to experience level 5. On T:2313 you reached level 3 of The Gnomish Mines. On T:2424 you advanced to experience level 6. On T:2820 you wished for "blessed greased +2 gray dragon scale mail". On T:2968 you reached level 4 of The Gnomish Mines. On T:3226 you reached level 5 of The Gnomish Mines. Score breakdown: Gold: 324 ( 8544 points) Experience: 6 levels (12456 points) Exploration: 8 levels ( 16.67%) (11577 points) Discoveries: 15 items ( 5.03%) ( 6730 points) Valuables value: (no points given unless you survive) Artifact value: 0 ( 0 points) Variety of kills: 34 monsters ( 8.92%) ( 8961 points) Turncount: 3500 turns ( -827 points) Survival: died (score multiplied by 80%) Total score: 37952 Latest messages: The pony misses the ape. (2x) You hit the ape. The ape misses. The ape hits! The ape bites! The pony hits the ape. The pony misses the ape. The ape hits the pony. (2x) The ape bites the pony. You displace your pony. The dagger hits the ape. O - a dagger (in quiver). The dagger hits the ape. The dagger hits the ape. You kill the ape! O - 2 daggers (in quiver). You see here an ape corpse. KAABLAMM!!! You triggered a land mine! Your movements are slowed slightly because of your load. You die... Final status: Goodbye vasya the Archeologist, killed by a land mine... You died in The Gnomish Mines on dungeon level 8 with 37952 points, and 324 pieces of gold, after 3500 moves. You were level 6 with a maximum of 50 hit points when you died.